 Dungeon Crawl Stone Soup version 0.20.1-1-g8b1a95d (webtiles) character file.

126 Gremour the Slasher (level 4, -2/35 HPs)
             Began as a Demonspawn Fighter on Nov 26, 2017.
             Slain by Grinder (3 damage)
             ... on level 3 of the Dungeon.
             The game lasted 00:11:57 (2260 turns).

Gremour the Slasher (Demonspawn Fighter)            Turns: 2260, Time: 00:11:58

Health: -2/35      AC:  8    Str: 16    XL:     4   Next: 84%
Magic:  0/4        EV:  6    Int:  9    God:
Gold:   143        SH:  8    Dex: 14    Spells: 3/3 levels left

rFire    . . .     SeeInvis .   a - +1 scimitar
rCold    . . .     Gourm    .   c - +0 shield
rNeg     . . .     Faith    .   b - +0 scale mail
rPois    .         Spirit   +   (no helmet)
rElec    .         Reflect  .   (no cloak)
rCorr    .         Harm     .   (no gloves)
MR       .....                  (no boots)
Stlth    ..........             (no amulet)
Regen    0.2/turn               (no ring)
MPRegen  0.1/turn               (no ring)

@: no status effects
A: yellow scales 1, magic shield
a: no special abilities


You were on level 3 of the Dungeon.
You were not hungry.

You visited 1 branch of the dungeon, and saw 3 of its levels.

You collected 143 gold pieces.

Inventory:

Hand Weapons
 a - a +1 scimitar (weapon)
 m - a +0 long sword
Armour
 b - a +0 scale mail (worn)
 c - a +0 shield (worn)
Wands
 t - a wand of digging (16/24)
Scrolls
 g - a scroll of amnesia
 i - 4 scrolls of identify
 o - a scroll of fog
Potions
 d - a potion of might
 e - a potion of brilliance {unknown}
 k - a potion of lignification
 p - 3 potions of curing
 q - a potion of mutation
Comestibles
 f - 2 bread rations
 j - a royal jelly
 n - 5 chunks of flesh


   Skills:
 - Level 3.0 Fighting
 * Level 4.6 Long Blades
 - Level 2.6 Armour
 - Level 2.6 Shields


You had 3 spell levels left.
You didn't know any spells.

Dungeon Overview and Level Annotations

Branches:
Dungeon (3/15)

Altars:
Elyvilon

Annotations:
D:3 Grinder


Innate Abilities, Weirdness & Mutations

You are partially covered in yellow scales. (AC +2)
When hurt, damage is shared between your health and your magic reserves.


Message History

You slash Grinder!
Grinder is moderately wounded.
Grinder blinks!
Unknown command.
Items here: $ )))) [ † Unknown command.
You hit Grinder.
Grinder is moderately wounded.
Grinder hits you.
You writhe in agony.
You closely miss Grinder.
Grinder is moderately wounded.
Grinder gestures at you. Pain shoots through your body!
* * * LOW HITPOINT WARNING * * *
You closely miss Grinder.
Grinder is moderately wounded.
Grinder hits you!
* * * LOW HITPOINT WARNING * * *
You writhe in agony.
You die...

#...##.##.####
#...##.##....
#...##.###.# . #
#..........# .. .
##.........###...
##.##.###.....
#.##.###.#.#
#.##.##....##..
#.....)@5......
..###
#######........
..... ##.#.###.
..### ....!
....... ..####. .
... ## #.## # .


You could see Grinder.

Vanquished Creatures
  A gnoll (D:1)
  3 adders
  An ooze (D:1)
  2 worms (D:2)
  4 dart slugs
  3 leopard geckos
  4 orcs (D:3)
  A ball python (D:1)
  7 bats
  A giant cockroach (D:1)
  9 goblins
  7 hobgoblins
  6 kobolds
  A quokka (D:3)
  5 frilled lizards
  9 rats
64 creatures vanquished.

Notes
Turn   | Place    | Note
-------+----------+-------------------------------------------
     0 | D:1      | Gremour the Demonspawn Fighter began the quest for the Orb.
     0 | D:1      | Reached XP level 1. HP: 18/18 MP: 1/1
    21 | D:1      | Reached skill level 2 in Long Blades
    26 | D:1      | Gained mutation: You are partially covered in yellow scales. (AC +2) [demonic ancestry]
    26 | D:1      | Reached XP level 2. HP: 22/24 MP: 2/2
   311 | D:1      | Reached skill level 3 in Long Blades
   334 | D:1      | Reached XP level 3. HP: 24/29 MP: 3/3
  1333 | D:2      | Reached skill level 4 in Long Blades
  1333 | D:2      | Gained mutation: When hurt, damage is shared between your health and your magic reserves. [demonic ancestry]
  1333 | D:2      | Reached XP level 4. HP: 35/35 MP: 4/4
  2153 | D:3      | Found a white marble altar of Elyvilon.
  2233 | D:3      | Noticed Grinder
  2244 | D:3      | Paralysed by Grinder for 5 turns
  2260 | D:3      | HP: 1/35 [Grinder (5)]
  2260 | D:3      | Slain by Grinder

Skill      XL: |  1  2  3 |
---------------+----------+-----
Long Blades    | 2 3 4 |  4.6
Fighting       | |  3.0
Armour         | |  2.6
Shields        | |  2.6

Action                   |  1- 3 |  4- 6 || total
-------------------------+-------+-------++-------
Melee: Long sword        |   106 |       ||   106
       Scimitar          |     4 |    84 ||    88
  Use: Scroll            |       |    11 ||    11
  Eat: Chunk             |     1 |     4 ||     5
Armor: Scale mail        |    70 |    33 ||   103
Dodge: Dodged            |    43 |    12 ||    55
Block: Shield            |    86 |    33 ||   119
       Rpst.: Long sword |    14 |       ||    14
       Scimitar          |       |     6 ||     6
